MID
FORT WAYNE TINCAPS @ BINGHAMTON METS
07/10/2048
 
TOP OF THE 1ST
Fort Wayne TinCaps batting - Pitching for Binghamton Mets : RHP Bryan Dorne
Pitching: RHP Bryan Dorne
Batting: SHB Detlef Oursler 0-0: Called Strike
0-1: Ball
1-1: Ground out 4-3 (Groundball, 4S, EV 89.4 MPH)
Batting: RHB Adrian Cook 0-0: Called Strike
0-1: Ball
1-1: Called Strike
1-2: Ball
2-2: Ball
3-2: Ground out 1-3 (Groundball, 13S, EV 69.4 MPH)
Batting: LHB Chad Cutler 0-0: Swinging Strike
0-1: Foul Ball, location: 2F
0-2: Ball
1-2: Foul Ball, location: 2F
1-2: Strikes out swinging, 2-3 out at first.
Top of the 1st over - 0 runs, 0 hits, 0 errors, 0 left on base; Fort Wayne 0 - Binghamton 0
BOTTOM OF THE 1ST
Binghamton Mets batting - Pitching for Fort Wayne TinCaps : RHP Josh Thorne
Pitching: RHP Josh Thorne
Batting: RHB Oscar Bravo 0-0: Called Strike
0-1: Ball
1-1: Foul Ball, location: 2F
1-2: Fly out, F7 (Line Drive, 78S, EV 90.6 MPH)
Batting: LHB Jamel Alexander 0-0: Called Strike
0-1: Ball
1-1: Fly out, F8 (Flyball, 8RD, EV 101.9 MPH)
Batting: LHB Dan Bremseth 0-0: Ball
1-0: Called Strike
1-1: SOLO HOME RUN (Flyball, 89XD, EV 101.2 MPH), Distance : 400 ft
Batting: RHB Mike Hanks 0-0: Swinging Strike
0-1: Called Strike
0-2: Strikes out swinging
Bottom of the 1st over - 1 run, 1 hit, 0 errors, 0 left on base; Fort Wayne 0 - Binghamton 1
TOP OF THE 2ND
Fort Wayne TinCaps batting - Pitching for Binghamton Mets : RHP Bryan Dorne
Batting: RHB Dave Cordero 0-0: Ball
1-0: Fly out, F8 (Flyball, 78D, EV 98.8 MPH)
Batting: LHB Sean Trueblood 0-0: Called Strike
0-1: Called Strike
0-2: Ground out 6-3 (Groundball, 6, EV 105.0 MPH)
Batting: LHB Justin Alworth 0-0: Ball
1-0: Fly out, F9 (Flyball, 9LM, EV 95.6 MPH)
Top of the 2nd over - 0 runs, 0 hits, 0 errors, 0 left on base; Fort Wayne 0 - Binghamton 1
BOTTOM OF THE 2ND
Binghamton Mets batting - Pitching for Fort Wayne TinCaps : RHP Josh Thorne
Batting: LHB Zane Kelton 0-0: Ball
1-0: Ball
2-0: Ground out 4-3 (Groundball, 4D, EV 105.0 MPH)
Batting: SHB Jason Evans 0-0: Foul Ball, location: 2F
0-1: Ball
1-1: Foul Ball, location: 2F
1-2: Ball
2-2: Ground out 4-3 (Groundball, 4, EV 86.9 MPH)
Batting: SHB Jerry Burrows 0-0: Ball
1-0: Swinging Strike
1-1: Swinging Strike
1-2: Ground out 4-3 (Groundball, 4, EV 85.6 MPH)
Bottom of the 2nd over - 0 runs, 0 hits, 0 errors, 0 left on base; Fort Wayne 0 - Binghamton 1
TOP OF THE 3RD
Fort Wayne TinCaps batting - Pitching for Binghamton Mets : RHP Bryan Dorne
Batting: RHB Danny Gallegos 0-0: Ball
1-0: Hit by Pitch
Batting: RHB Brian Klinkner 0-0: Swinging Strike
0-1: Swinging Strike
0-2: Reached on error, E1 (Groundball, 13, EV 62.5 MPH)
Danny Gallegos to second
Batting: RHB Ricky Trejo 0-0: Swinging Strike
0-1: Swinging Strike
0-2: Ball
1-2: Ball
2-2: Fly out, F5 (Line Drive, 5, EV 73.8 MPH)
Batting: SHB Detlef Oursler 0-0: Foul Ball, location: 2F
0-1: Foul Ball, location: 2F
0-2: Ball
1-2: Strikes out swinging
Batting: RHB Adrian Cook 0-0: Foul Ball, location: 2F
0-1: Called Strike
0-2: Ball
1-2: Foul Ball, location: 2F
1-2: Fly out, F8 (Line Drive, 8RM, EV 87.5 MPH)
Top of the 3rd over - 0 runs, 0 hits, 1 error, 2 left on base; Fort Wayne 0 - Binghamton 1
BOTTOM OF THE 3RD
Binghamton Mets batting - Pitching for Fort Wayne TinCaps : RHP Josh Thorne
Batting: RHB David Stayton 0-0: Ball
1-0: Ball
2-0: Foul Ball, location: 2F
2-1: SINGLE (Groundball, 56D, EV 101.9 MPH)
Batting: RHB Gang-sheng Chew 0-0: Ball
1-0: Fly out, F9 (Flyball, 89D, EV 100.6 MPH)
Batting: RHB Oscar Bravo 0-0: Ball
1-0: Foul Ball, location: 2F
1-1: Ball
2-1: Called Strike
2-2: Strikes out swinging
Batting: LHB Jamel Alexander 0-0: Ball
1-0: DOUBLE (Line Drive, 78XD, EV 98.8 MPH)
David Stayton to third
Batting: LHB Dan Bremseth 0-0: Ball
1-0: Ball
2-0: Swinging Strike
2-1: Foul Ball, location: 2F
2-2: Foul Ball, location: 2F
2-2: Ball
3-2: Base on Balls
Batting: RHB Mike Hanks 0-0: Fly out, F6 (Flyball, 6D, EV 95.0 MPH)
Bottom of the 3rd over - 0 runs, 2 hits, 0 errors, 3 left on base; Fort Wayne 0 - Binghamton 1
TOP OF THE 4TH
Fort Wayne TinCaps batting - Pitching for Binghamton Mets : RHP Bryan Dorne
Batting: LHB Chad Cutler 0-0: Foul Ball, location: 2F
0-1: Hit by Pitch
Batting: RHB Dave Cordero 0-0: Foul Ball, location: 2F
0-1: Called Strike
0-2: Ball
1-2: Foul Ball, location: 2F
1-2: Ball
2-2: Ball
3-2: Reached on error, E6 (Groundball, 6, EV 91.2 MPH)
Chad Cutler to second
Batting: LHB Sean Trueblood 0-0: Ball
1-0: Ball
2-0: Foul Ball, location: 2F
2-1: Fly out, F9 (Flyball, 9LSF, EV 81.9 MPH)
Batting: LHB Justin Alworth 0-0: Fly out, F2 (Popup, 15S, EV 88.8 MPH)
Batting: RHB Danny Gallegos 0-0: Ball
1-0: Swinging Strike
1-1: Foul Ball, location: 2F
1-2: Foul Ball, location: 2F
1-2: Ball
2-2: Ground out 4-3 (Groundball, 4, EV 110.0 MPH)
Top of the 4th over - 0 runs, 0 hits, 1 error, 2 left on base; Fort Wayne 0 - Binghamton 1
BOTTOM OF THE 4TH
Binghamton Mets batting - Pitching for Fort Wayne TinCaps : RHP Josh Thorne
Batting: LHB Zane Kelton 0-0: Ball
1-0: Called Strike
1-1: Ball
2-1: SOLO HOME RUN (Flyball, 7D, EV 96.9 MPH), Distance : 361 ft
Batting: SHB Jason Evans 0-0: Called Strike
0-1: Ground out 4-3 (Groundball, 34D, EV 85.0 MPH)
Batting: SHB Jerry Burrows 0-0: DOUBLE (Groundball, 3L, EV 105.0 MPH)
Batting: RHB David Stayton 0-0: Ground out 6-3 (Groundball, 56D, EV 82.5 MPH)
Batting: RHB Gang-sheng Chew 0-0: Ball
1-0: Foul Ball, location: 2F
1-1: Reached on error, E1 (Groundball, 25, EV 68.8 MPH)
Jerry Burrows scores
Batting: RHB Oscar Bravo 0-0: Foul Ball, location: 2F
0-1: Swinging Strike
0-2: Ball
1-2: Strikes out swinging
Bottom of the 4th over - 2 runs, 2 hits, 1 error, 1 left on base; Fort Wayne 0 - Binghamton 3
TOP OF THE 5TH
Fort Wayne TinCaps batting - Pitching for Binghamton Mets : RHP Bryan Dorne
Batting: RHB Brian Klinkner 0-0: Ball
1-0: Foul Ball, location: 2F
1-1: Swinging Strike
1-2: Ball
2-2: Ball
3-2: Strikes out looking
Batting: RHB Ricky Trejo 0-0: Ball
1-0: Ground out 6-3 (Groundball, 6, EV 76.2 MPH)
Batting: SHB Detlef Oursler 0-0: Swinging Strike
0-1: Foul Ball, location: 2F
0-2: Strikes out swinging
Top of the 5th over - 0 runs, 0 hits, 0 errors, 0 left on base; Fort Wayne 0 - Binghamton 3
BOTTOM OF THE 5TH
Binghamton Mets batting - Pitching for Fort Wayne TinCaps : RHP Josh Thorne
Batting: LHB Jamel Alexander 0-0: Ball
1-0: Ball
2-0: Ball
3-0: Base on Balls
Batting: LHB Dan Bremseth 0-0: Ball
1-0: Ball
2-0: Ball
3-0: Called Strike
3-1: Base on Balls
Jamel Alexander to second
Batting: RHB Mike Hanks 0-0: Called Strike
0-1: Ball
1-1: Foul Ball, location: 2F
1-2: Grounds into double play, 6-4-3 (Groundball, 6M, EV 80.6 MPH)
Jamel Alexander to third
Batting: LHB Zane Kelton 0-0: Called Strike
0-1: Swinging Strike
0-2: Foul Ball, location: 2F
0-2: Ball
1-2: Foul Ball, location: 2F
1-2: Strikes out looking
Bottom of the 5th over - 0 runs, 0 hits, 0 errors, 1 left on base; Fort Wayne 0 - Binghamton 3
TOP OF THE 6TH
Fort Wayne TinCaps batting - Pitching for Binghamton Mets : RHP Bryan Dorne
Batting: RHB Adrian Cook 0-0: Ball
1-0: Ball
2-0: Foul Ball, location: 2F
2-1: Ball
3-1: Foul Ball, location: 2F
3-2: Foul Ball, location: 2F
3-2: Base on Balls
Batting: LHB Chad Cutler 0-0: Ball
1-0: Ball
2-0: Fielders Choice at 2nd, 2-6 (Groundball, 13S, EV 67.5 MPH)
Batting: RHB Dave Cordero 0-0: Ball
1-0: Ball
Pickoff Throw by Catcher to First - Out!
2-0: Called Strike
2-1: Ground out 5-3 (Groundball, 56S, EV 86.9 MPH)
Top of the 6th over - 0 runs, 0 hits, 0 errors, 0 left on base; Fort Wayne 0 - Binghamton 3
BOTTOM OF THE 6TH
Binghamton Mets batting - Pitching for Fort Wayne TinCaps : RHP Josh Thorne
Pitching: RHP Juan Isidro
Batting: SHB Jason Evans 0-0: Ball
1-0: Foul Ball, location: 2F
1-1: Ground out 1-3 (Groundball, P, EV 65.6 MPH)
Batting: SHB Jerry Burrows 0-0: Ball
1-0: Foul Ball, location: 2F
1-1: Foul Ball, location: 2F
1-2: Strikes out swinging
Batting: RHB David Stayton 0-0: Called Strike
0-1: Called Strike
0-2: Strikes out swinging
Bottom of the 6th over - 0 runs, 0 hits, 0 errors, 0 left on base; Fort Wayne 0 - Binghamton 3
TOP OF THE 7TH
Fort Wayne TinCaps batting - Pitching for Binghamton Mets : RHP Bryan Dorne
Batting: LHB Sean Trueblood 0-0: Ball
1-0: Ball
2-0: Foul Ball, location: 2F
2-1: Ball
3-1: Ground out 1-3 (Groundball, P, EV 62.5 MPH)
Batting: LHB Justin Alworth 0-0: Ball
1-0: Ground out 4-3 (Groundball, 4, EV 92.5 MPH)
Batting: RHB Danny Gallegos 0-0: Ball
1-0: Foul Ball, location: 2F
1-1: Called Strike
1-2: Strikes out swinging
Top of the 7th over - 0 runs, 0 hits, 0 errors, 0 left on base; Fort Wayne 0 - Binghamton 3
BOTTOM OF THE 7TH
Binghamton Mets batting - Pitching for Fort Wayne TinCaps : RHP Juan Isidro
Batting: RHB Gang-sheng Chew 0-0: Ground out 6-3 (Groundball, 6, EV 97.5 MPH)
Batting: RHB Oscar Bravo 0-0: Ball
1-0: Swinging Strike
1-1: Ball
2-1: Ball
3-1: Foul Ball, location: 2F
3-2: Foul Ball, location: 2F
3-2: Ground out 6-3 (Groundball, 6M, EV 86.9 MPH)
Batting: LHB Jamel Alexander 0-0: Ball
1-0: Called Strike
1-1: Hit by Pitch
Batting: LHB Dan Bremseth 0-0: Swinging Strike
0-1: Called Strike
0-2: Strikes out swinging
Bottom of the 7th over - 0 runs, 0 hits, 0 errors, 1 left on base; Fort Wayne 0 - Binghamton 3
TOP OF THE 8TH
Fort Wayne TinCaps batting - Pitching for Binghamton Mets : RHP Bryan Dorne
Batting: RHB Brian Klinkner 0-0: Called Strike
0-1: Called Strike
0-2: Foul Ball, location: 2F
0-2: Foul Ball, location: 2F
0-2: Strikes out swinging
Pinch Hitting: LHB Tony Contreras 0-0: Called Strike
0-1: Ball
1-1: Ball
2-1: Foul Ball, location: 2F
2-2: Foul Ball, location: 2F
2-2: Ball
3-2: Ground out 6-3 (Groundball, 6, EV 103.1 MPH)
Batting: SHB Detlef Oursler 0-0: Foul Ball, location: 2F
0-1: Ball
1-1: Swinging Strike
1-2: Ball
2-2: Ball
3-2: Strikes out swinging
Top of the 8th over - 0 runs, 0 hits, 0 errors, 0 left on base; Fort Wayne 0 - Binghamton 3
BOTTOM OF THE 8TH
Binghamton Mets batting - Pitching for Fort Wayne TinCaps : RHP Juan Isidro
Now at 1B: Dave Cordero
Now at 2B: Adrian Cook
Now at 3B: Sean Trueblood
Now in RF: Tony Contreras
Batting: RHB Mike Hanks 0-0: Swinging Strike
0-1: Swinging Strike
0-2: Ball
1-2: Strikes out looking
Batting: LHB Zane Kelton 0-0: Ball
1-0: Ball
2-0: Called Strike
2-1: Swinging Strike
2-2: Strikes out swinging
Batting: SHB Jason Evans 0-0: Ball
1-0: Swinging Strike
1-1: Foul Ball, location: 2F
1-2: Ball
2-2: Strikes out swinging
Bottom of the 8th over - 0 runs, 0 hits, 0 errors, 0 left on base; Fort Wayne 0 - Binghamton 3
TOP OF THE 9TH
Fort Wayne TinCaps batting - Pitching for Binghamton Mets : RHP Bryan Dorne
Batting: RHB Adrian Cook 0-0: Called Strike
0-1: Ground out 6-3 (Groundball, 6, EV 79.4 MPH)
Batting: LHB Chad Cutler 0-0: Called Strike
0-1: Foul Ball, location: 2F
0-2: Strikes out swinging
Batting: RHB Dave Cordero 0-0: Ball
1-0: Ball
2-0: Ball
3-0: Base on Balls
Batting: LHB Sean Trueblood 0-0: 2-RUN HOME RUN (Flyball, 89XD, EV 103.1 MPH), Distance : 427 ft
Pitching: LHP Scott Carr
Batting: LHB Justin Alworth 0-0: Foul Ball, location: 2F
0-1: Foul Ball, location: 2F
0-2: Ball
1-2: Ball
2-2: Strikes out swinging
Top of the 9th over - 2 runs, 1 hit, 0 errors, 0 left on base; Fort Wayne 2 - Binghamton 3
Tuesday, March 28th , 2023 - OOTP Baseball 23.10 Build 110